 Dungeon Crawl Stone Soup version 0.25-a0-339-gb37b713d4c (webtiles) character file.

Game seed: 10619256620997798719, levelgen mode: deterministic

6474 tilp the Slicer (level 11, -4/72 HPs)
             Began as a Halfling Assassin on Dec 28, 2019.
             Was a Believer of Makhleb.
             Slain by a centaur warrior
             ... wielding a +2 broad axe of freezing
              (19 damage)
             ... on level 10 of the Dungeon.
             The game lasted 00:33:03 (12418 turns).

tilp the Slicer (Halfling Assassin)                Turns: 12418, Time: 00:33:04

Health: -4/72      AC:  5    Str: 14    XL:     11   Next: 19%
Magic:  16/16      EV: 20    Int: 13    God:    Makhleb [**....]
Gold:   299        SH:  6    Dex: 18    Spells: 10/10 levels left

rFire    . . .     SeeInvis .   b - +4 short sword
rCold    + . .     Gourm    .   g - +0 buckler
rNeg     . . .     Faith    .   e - +0 leather armour
rPois    .         Spirit   .   (no helmet)
rElec    .         Reflect  .   v - +0 cloak "Qomeov" {rCorr Int+4}
rCorr    +         Harm     .   (no gloves)
MR       .....                  I - +0 pair of boots
Stlth    ++++......             (no amulet)
HPRegen  0.22/turn              P - ring of stealth
MPRegen  0.15/turn              C - ring of protection from cold

@: no status effects
A: small, mutation resistance 1
a: Minor Destruction, Renounce Religion


You were on level 10 of the Dungeon.
You worshipped Makhleb.
Makhleb was pleased with you.
You were not hungry.

You visited 1 branch of the dungeon, and saw 10 of its levels.
You also visited: Sewer.

You collected 395 gold pieces.
You spent 96 gold pieces at shops.

Inventory:

Hand Weapons
 a - a +2 dagger of draining
 b - a +4 short sword (weapon)
Missiles
 h - 9 poisoned darts (quivered)
 i - 232 stones
 j - 53 sling bullets
 n - 2 throwing nets
 t - 7 datura-tipped darts
 w - a boomerang of dispersal
 x - 8 boomerangs
 U - 3 silver boomerangs
Armour
 e - a +0 leather armour (worn)
 g - a +0 buckler (worn)
 v - the +0 cloak "Qomeov" (worn) {rCorr Int+4}
   (You found it on level 5 of the Dungeon)

   It affects your intelligence (+4).
   It provides partial protection from all sources of acid and corrosion.
 I - a +0 pair of boots (worn)
Magical Staves
 q - an uncursed staff of wizardry
Jewellery
 s - an uncursed ring of wizardry
 z - an uncursed ring of see invisible
 C - a ring of protection from cold (right hand)
 F - an uncursed ring of fire
 P - a ring of stealth (left hand)
 S - a +5 ring of intelligence
Wands
 c - a wand of random effects (25)
 y - a wand of scattershot (2)
 L - a wand of digging (4)
 Q - a wand of polymorph (8)
 V - a wand of disintegration (4)
Scrolls
 m - 3 scrolls of amnesia
 p - 2 scrolls of remove curse
 A - a scroll of blinking {unknown}
 B - a scroll of fog {unknown}
 D - a scroll of holy word {unknown}
 E - 4 scrolls of identify
 G - a scroll of acquirement {unknown}
 H - a scroll of enchant weapon {unknown}
 J - a scroll of teleportation {unknown}
 R - 2 scrolls of fear {unknown}
Potions
 d - a potion of agility
 k - 2 potions of magic
 l - 2 potions of cancellation
 o - 2 potions of flight
 r - 3 potions of mutation
 u - a potion of curing
 K - a potion of lignification
 O - 2 potions of haste
Comestibles
 f - 14 rations


   Skills:
 - Level 6.0 Fighting
 - Level 10.8 Short Blades
 - Level 2.0 Throwing
 - Level 8.0 Dodging
 - Level 6.1 Stealth
 - Level 4.0 Shields
 + Level 7.5 Invocations
 + Level 4.0 Evocations


You had 10 spell levels left.
You didn't know any spells.
Your spell library contained the following spells:

 Spells                   Type           Power        Failure   Level  Hunger
 Summon Small Mammal      Summ           #...         41%         1    ##.....
 Call Imp                 Summ           #.......     56%         2    ###....
 Call Canine Familiar     Summ           #.......     80%         3    ####...
 Summon Guardian Golem    Hex/Summ       #.......     80%         3    ####...
 Summon Ice Beast         Ice/Summ       #.......     99%         4    #####..
 Summon Lightning Spire   Summ/Air       #.......     99%         4    #####..


Dungeon Overview and Level Annotations

Branches:
Dungeon (10/15)            Temple (0/1) D:5            Lair (0/6) D:8
  Sewer (visited)
    Orc: D:9-12

Altars:
Ashenzari
Cheibriados
Dithmenos
Hepliaklqana
Makhleb
Sif Muna
Xom
Yredelemnul
Zin
The Shining One

Shops:
D:7 !

Annotations:
D:3 2 transporters, emiel's ghost, amateur GnEE
D:4 Grinder
D:5 Sigmund
D:7 exclusion: howler monkey, Prince Ribbit
D:8 exclusion: 2 doors
D:9 Joseph


Innate Abilities, Weirdness & Mutations

You are small and have problems with some larger weapons.
You are somewhat resistant to further mutation.


Message History

Evoke which item? (* to show all) (? for menu, Esc to quit)
Aiming: Paralyse
Press: ? - help, Shift-Dir - straight line, f/p - centaur warrior
Aim: a centaur warrior, wielding a +0 shortbow and quivering 36 arrows (lightly wounded, chance to defeat MR: 40%)
The centaur warrior resists with some effort.
The now-empty wand crumbles to dust.
The centaur warrior shoots an arrow.
The arrow hits you!
* * * LOW HITPOINT WARNING * * *
You feel much better.
The centaur warrior shoots an arrow.
The arrow hits you!!
* * * LOW HITPOINT WARNING * * *
Unknown command.
You feel better.
The centaur warrior shoots an arrow.
The arrow hits you!
* * * LOW HITPOINT WARNING * * *
The centaur warrior shoots an arrow.
You block the arrow.
Unknown command.
The centaur warrior unwields a +0 shortbow.
The centaur warrior wields a +2 broad axe of freezing.
It glows with a cold blue light!
The centaur warrior hits you with a +2 broad axe of freezing!!
You die...

.................
###########'##.......
#............#...###. #..
#.)..........#...# #. #...
#............#...# #. #...
#............#...# #.
...#............#...###.
..####'###(...#######.......
.........##@#### ......##+##
.....###.'.c...#.......#..<.
.........#.....#....##.'....
.........#.....#.......#....
........(#.....#.......#....
.........#######.......#...#
'###...... ....###...#
###...#. ....+o..... ###....
... #......


You could see a centaur warrior.

Vanquished Creatures
  2 two-headed ogres
  Maurice (D:10)
  A troll (D:9)
  4 hippogriffs (D:7)
  2 hungry ghosts (D:10)
  Edmund (D:5)
  3 ice beasts
  2 orc warriors (D:10)
  3 phantoms
  2 sky beasts (D:8)
  A necrophage (D:5)
  4 centaurs
  2 ogres
  2 big kobolds
  4 bullfrogs
  2 scorpions
  3 crimson imps
  A bullfrog skeleton (D:9)
  3 hounds
  A jelly (D:10)
  An orc priest (D:9)
  4 orc wizards
  3 iguanas
  11 worker ants
  A hound zombie (D:6)
  2 hound skeletons
  2 worker ant zombies
  A howler monkey skeleton (D:8)
  13 adders
  2 gnolls (D:2)
  4 river rats
  A shadow imp (D:9)
  2 oozes
  An adder zombie (D:5)
  3 adder skeletons
  5 worms
  2 dart slugs
  5 leopard geckos
  26 orcs
  10 giant cockroaches
  6 goblins
  7 hobgoblins
  15 jackals
  2 quokkas
  6 bats
  2 frilled lizards
  11 kobolds
  14 rats
206 creatures vanquished.

Vanquished Creatures (collateral kills)
  A wolf spider (D:10)
  A gargoyle (D:10)
2 creatures vanquished.

Vanquished Creatures (others)
  6 plants (D:3)
6 creatures vanquished.

Grand Total: 214 creatures vanquished

Notes
Turn   | Place    | Note
-------+----------+-------------------------------------------
     0 | D:1      | tilp the Halfling Assassin began the quest for the Orb.
     0 | D:1      | Reached XP level 1. HP: 14/14 MP: 1/1
   178 | D:1      | Reached XP level 2. HP: 19/19 MP: 2/2
   670 | D:1      | Reached XP level 3. HP: 12/24 MP: 3/3
  1618 | D:2      | Reached XP level 4. HP: 17/30 MP: 4/4
  1957 | D:2      | Reached skill level 1 in Shields
  2115 | D:2      | Noticed an ogre
  2124 | D:2      | Killed an ogre
  2124 | D:2      | Reached XP level 5. HP: 25/36 MP: 5/5
  2532 | D:3      | Found a burning altar of Makhleb.
  2543 | D:3      | Became a worshipper of Makhleb the Destroyer
  2672 | D:3      | Reached XP level 6. HP: 31/43 MP: 6/6
  2749 | D:3      | Found a glowing drain.
  2757 | Sewer    | Entered a sewer
  2984 | Sewer    | Found a white marble altar of Elyvilon.
  3128 | D:3      | Found a shimmering blue altar of Sif Muna.
  3140 | D:3      | Found a hazy altar of Hepliaklqana.
  3140 | D:3      | Found a glowing golden altar of the Shining One.
  3141 | D:3      | Found a shattered altar of Ashenzari.
  3271 | D:3      | Reached * piety under Makhleb
  3380 | D:3      | Reached XP level 7. HP: 47/48 MP: 7/7
  3464 | D:3      | Noticed emiel's ghost (amateur GnEE)
  3572 | D:3      | Found a transporter.
  3573 | D:3      | Found a transporter.
  3966 | D:4      | Reached skill level 1 in Invocations
  3978 | D:4      | Reached skill level 3 in Short Blades
  4237 | D:4      | Reached skill level 4 in Short Blades
  4536 | D:4      | Noticed Grinder
  4758 | D:5      | Entered Level 5 of the Dungeon
  4774 | D:5      | You fall into a shaft and drop 3 floors!
  4903 | D:8      | Reached XP level 8. HP: 54/54 MP: 10/10
  4941 | D:8      | Noticed a two-headed ogre
  4989 | D:8      | Killed a two-headed ogre
  4989 | D:8      | Reached skill level 7 in Short Blades
  4989 | D:8      | Reached skill level 5 in Invocations
  4989 | D:8      | Reached XP level 9. HP: 32/58 MP: 10/13
  5295 | D:7      | Noticed Prince Ribbit
  5436 | D:7      | Noticed a hippogriff
  5441 | D:7      | Killed a hippogriff
  5441 | D:7      | Reached skill level 5 in Dodging
  5562 | D:5      | Found a snail-covered altar of Cheibriados.
  5685 | D:5      | Got a translucent cloak
  5686 | D:5      | Identified the +0 cloak "Qomeov" {rCorr Int+4} (You found
                  | it on level 5 of the Dungeon)
  5927 | D:5      | Found a staircase to the Ecumenical Temple.
  5954 | D:5      | Reached ** piety under Makhleb
  5998 | D:5      | Found a snail-covered altar of Cheibriados.
  6103 | D:5      | Noticed Edmund
  6126 | D:5      | Killed Edmund
  6126 | D:5      | Reached skill level 5 in Fighting
  6253 | D:5      | Noticed Sigmund
  7571 | D:6      | Found a glowing silver altar of Zin.
  7571 | D:6      | Found a basalt altar of Yredelemnul.
  7790 | D:7      | Found Lurux's Distillery.
  7793 | D:7      | Bought a potion of degeneration for 16 gold pieces
  7862 | D:7      | Noticed a hippogriff
  7872 | D:7      | Killed a hippogriff
  8205 | D:7      | Noticed a hippogriff
  8242 | D:7      | Killed a hippogriff
  8296 | D:7      | Found a shadowy altar of Dithmenos.
  8333 | D:7      | Reached XP level 10. HP: 68/68 MP: 14/14
  8564 | D:7      | Reached skill level 5 in Stealth
  8997 | D:7      | Bought a potion of heal wounds for 80 gold pieces
  9052 | D:8      | Reached skill level 8 in Short Blades
  9264 | D:8      | Found a shimmering altar of Xom.
  9266 | D:8      | Found a shimmering altar of Xom.
  9266 | D:8      | Found a shimmering altar of Xom.
  9267 | D:8      | Found a shimmering altar of Xom.
  9353 | D:8      | Found a staircase to the Lair.
  9403 | D:8      | Reached skill level 9 in Short Blades
  9779 | D:9      | Reached *** piety under Makhleb
 10303 | D:9      | Noticed a two-headed ogre
 10547 | D:9      | Noticed Joseph
 10682 | D:9      | Killed a two-headed ogre
 10682 | D:9      | Reached skill level 10 in Short Blades
 10686 | D:9      | Upgraded the game from 0.25-a0-322-g3677130cb1 to
                  | 0.25-a0-339-gb37b713d4c
 10888 | D:10     | Entered Level 10 of the Dungeon
 10934 | D:10     | Noticed a centaur warrior
 10938 | D:10     | Noticed a centaur warrior
 10938 | D:10     | Noticed a gargoyle
 10938 | D:10     | Noticed a wolf spider
 11229 | D:10     | Reached skill level 1 in Evocations
 11372 | D:10     | Noticed Maurice
 11381 | D:10     | Killed Maurice
 11381 | D:10     | Reached XP level 11. HP: 72/72 MP: 14/16
 11963 | D:10     | Killed a wolf spider
 12418 | D:10     | Slain by a centaur warrior

Levels and vault maps discovered:
D:1:      wander_arrival_desolate, layout_basic
D:2:      layout_loops_cross
D:3:      layout_loops_corners, bloody_makhleb,
          chequers_temple_overflow_statue_of_worship, gup_sewer_entry_bubbles,
          gammafunk_ghost_gnarly_gnolls
D:4:      layout_basic, first_ration, uniq_grinder
D:5:      layout_basic, overflow_temple_1_default, temple_fountains,
          basic_altar, sigmund_edmund_badplayer
D:6:      layout_basic, gammafunk_temple_overflow_elements
D:7:      layout_loops_ring, nicolae_dithmenos_shadow_blocks, serial_shops,
          kennysheep_mini, uniq_prince_ribbit1
D:8:      layout_loops_ring, lair_entry_dummy, hangedman_ranch
          [blue_anna_fruit_fields], xom_redecorated
D:9:      layout_gridville, uniq_joseph
D:10:     minmay_the_grid_triangle_9x9_recursive_2_mashed
          [minmay_the_grid_triangle_9x9_prize_schism,
          minmay_the_grid_triangle_9x9_checkered,
          minmay_the_grid_triangle_9x9_wacky_v,
          minmay_the_grid_triangle_9x9_from_above], layout_stronghold,
          nicolae_trove_entry_crystal, serial_shops, shop_fountains,
          uniq_maurice

Skill      XL: |  1  2  3  4  5  6  7  8  9 10 11 |
---------------+----------------------------------+-----
Fighting       | 2 3 4 6 |  6.0
Dodging        | 2 3 4 8 |  8.0
Shields        | 2 3 4 |  4.0
Invocations    | 3 5 6 7 |  7.5
Short Blades   | 4 7 10 | 10.8
Stealth        | 6 |  6.1
Evocations     | 2 4 |  4.0
Throwing       | |  2.0

Action                   |  1- 3 |  4- 6 |  7- 9 | 10-12 || total
-------------------------+-------+-------+-------+-------++-------
Melee: Dagger            |    27 |       |       |       ||    27
       Short sword       |    38 |   164 |   310 |   372 ||   884
Throw: Dart              |    36 |    19 |    54 |    49 ||   158
       Stone             |    16 |     4 |     4 |     2 ||    26
Invok: Lesser Servant of |       |       |       |     3 ||     3
       Minor Destruction |       |       |       |     1 ||     1
Evoke: Wand              |       |       |     5 |     4 ||     9
  Use: Scroll            |     3 |     3 |     6 |     1 ||    13
       Potion            |       |       |     1 |     3 ||     4
 Stab: Sleeping          |     4 |     9 |     9 |     9 ||    31
       Distracted        |       |       |       |     1 ||     1
  Eat: Chunk             |     2 |     6 |    12 |    11 ||    31
       Ration            |       |       |     1 |     2 ||     3
Armor: Robe              |    15 |    10 |       |       ||    25
       Leather armour    |       |     1 |    30 |    17 ||    48
Dodge: Dodged            |    36 |    88 |   193 |   157 ||   474
Block: Buckler           |       |    15 |    74 |    56 ||   145

Table legend:
 A = Non-vault XP
 B = Vault XP
 C = Vault XP percentage of total XP
 D = Non-vault monster count
 E = Vault monster count
 F = Vault count percentage of total count
                 A         B        C        D         E       F
            +---------+---------+-------+---------+---------+-------
      Total |    7134 |    2115 |  22.9 |     180 |      28 |  13.5
            +---------+---------+-------+---------+---------+-------
        D:1 |      48 |       0 |   0.0 |      27 |       0 |   0.0
        D:2 |     207 |       0 |   0.0 |      22 |       0 |   0.0
        D:3 |     157 |      37 |  19.1 |      25 |       6 |  19.4
        D:4 |     353 |       0 |   0.0 |      19 |       0 |   0.0
        D:5 |     373 |     166 |  30.8 |       9 |       1 |  10.0
        D:6 |     544 |       0 |   0.0 |      22 |       0 |   0.0
        D:7 |    1502 |       0 |   0.0 |      15 |       0 |   0.0
        D:8 |    1854 |      91 |   4.7 |      17 |       1 |   5.6
        D:9 |    1560 |       3 |   0.2 |      16 |       1 |   5.9
       D:10 |     536 |    1683 |  75.8 |       8 |       9 |  52.9
      Sewer |       0 |     135 | 100.0 |       0 |      10 | 100.0
            +---------+---------+-------+---------+---------+-------
